AoeStats
← Dodô Pressão

Socotra

504129797Analyzed
4v4 RM · 1mo ago on Sep 4, 2026· 25m 38s· 8 players
Game mode
Random Map
Map size
148×148
Population
200
Speed
Normal
Resources
Standard
Victory
Conquest
Starting age
Dark Age
Ending age
Imperial Age
RankedLock teamsTeams togetherTeam positionsShared explorationLock speedFull tech treeHidden civsTurbo modeCheats
Victory
Defeat
🇨🇱 Goths · Chile
983
+3
🇨🇴 Sicilians · Colombia
801
+6
🇨🇱 Franks · Chile
746
+8
🇨🇱 Magyars · Chile
488
+18
🇨🇱 Burmese · Chile
674
-13
🇺🇸 Vikings · United States
594
-10
🇧🇷 Burgundians · Brazil
501
-6
🇺🇸 Tatars · United States
481
-6
SidedMass3967
14:18 Feudal Age
14:39 Horse Collar
14:54 Double-Bit Axe
15:50 Wheelbarrow
22:28 Castle Age
20:36 Gold Mining
21:00 Stone Mining
23:43 Loom
24:18 Hand Cart
blackjack6894
1:01 Loom
13:46 Feudal Age
14:38 Double-Bit Axe
15:05 Horse Collar
15:49 Town Watch
19:21 Gold Mining
22:27 Castle Age
21:43 Scale Barding Armor
21:49 Forging
24:03 Iron Casting
22:51 Light Cavalry
25:21 Chain Barding Armor
Dodô Pressão
5:22 Loom
8:33 Wheelbarrow
13:53 Double-Bit Axe
15:12 Horse Collar
18:00 Feudal Age
17:35 Gold Mining
19:01 Hand Cart
20:01 Bow Saw
20:32 Heavy Plow
21:57 Gold Shaft Mining
21:14 Stone Mining
mauri90.hermosilla
oswuil123
18:31 Loom
23:03 Feudal Age
26:22 Bloodlines
wowmiqui
1:43 Loom
10:54 Feudal Age
11:54 Double-Bit Axe
15:55 Wheelbarrow
18:24 Gold Mining
20:46 Castle Age
19:37 Forging
19:40 Scale Barding Armor
22:01 Bow Saw
25:19 Husbandry
floresmonserratpaz
12:19 Feudal Age
12:49 Double-Bit Axe
18:08 Horse Collar
PNAL | Kush
1:00 Loom
12:17 Feudal Age
18:02 Castle Age
17:59 Stone Mining
19:34 Double-Bit Axe
19:50 Gold Mining
21:44 Pikeman
22:25 Squires
24:39 Wheelbarrow
Connection lost

Rejoining the realm…

Still unreachable

The connection could not be restored.

Session expired

The server has moved on; the page needs a fresh start.